[Event "Championnat du monde jeunes U12F"]
[Date "2024.11.20"]
[White "Gailevska, Milana"]
[Black "Sunea, Sara Maria"]
[WhiteElo "1698"]
[BlackElo "1823"]
[Round "6.21"]
[Result "1-0"]
[TimeControl "5400+30"]

1. d4 d5 2. Bf4 c5 3. c3 Nc6 4. e3 Nf6 5. Nf3 Nh5 6. Bg5 h6 7. Bh4 g5 8. Bg3 Nxg3 9. hxg3 Bg7 10. dxc5 Bg4 11. Be2 e6 12. Nd4 Bxe2 13. Qxe2 Qe7 14. Qb5 Rc8 15. Nd2 O-O 16. N2f3 g4 17. Nd2 a6 18. Qe2 f5 19. f3 Ne5 20. c6 gxf3 21. gxf3 Nxc6 22. N2b3 e5 23. Nxc6 Rxc6 24. O-O-O Qf7 25. f4 b5 26. Kb1 Rg6 27. Qf3 Rd8 28. Rhf1 e4 29. Qf2 Bf8 30. Rg1 b4 31. cxb4 Bxb4 32. Qe2 Qd7 33. Qh5 Kh7 34. Rg2 a5 35. Rdg1 Rg4 36. Rh1 Rg6 37. Rc1 Rf8 38. Rgc2 Rg7 39. Rc6 Bd6 40. Nd4 Rf6 41. Nb5 Be5 42. R6c5 Bb8 43. Rd1 Qf7 44. Qh3 Qg6 45. Rdxd5 Qxg3 46. Qxg3 Rxg3 47. Rc8 Rg8 48. Rd7+ Kh8 49. Rdd8 Rxd8 50. Rxd8+ Kg7 51. Rxb8 h5 52. Rc8 h4 53. Rc2 Kh6 54. Rg2 Rg6 55. Rh2 Kh5 56. Nd4 Rg1+ 57. Kc2 Kg4 58. Nxf5 h3 59. Nd4 Rg2+ 60. Rxg2+ hxg2 61. Ne2 Kf3 62. Kd2 Kg4 63. b3 Kf5 64. Ke1 Kg4 65. Kf2 1-0

[Variant "Standard"]
[Site "Europe Echecs"]

[Event "Championnat du monde jeunes U12F"]
[Date "2024.11.20"]
[White "Chichinadze, Anastasia"]
[Black "Jacome Revelo, Daniela Alexandra"]
[WhiteElo "1682"]
[BlackElo "1764"]
[Round "6.22"]
[Result "1-0"]
[TimeControl "5400+30"]

1. e4 c5 2. Nc3 g6 3. g3 Bg7 4. Bg2 Nc6 5. d3 e6 6. Be3 b6 7. Nge2 Nge7 8. Qd2 h5 9. h4 d5 10. exd5 exd5 11. d4 c4 12. Nf4 Be6 13. Nxe6 fxe6 14. Ne2 Nf5 15. c3 Nxe3 16. Qxe3 Qd6 17. Nf4 Kf7 18. Qf3 Bf6 19. Nxd5 exd5 20. Qxd5+ Ke7 21. Qxc6 Qxc6 22. Bxc6 Rac8 23. d5 Kd6 24. Kd2 Rc7 25. Rhe1 Re7 26. Rxe7 Kxe7 27. Re1+ Kd8 28. Re4 a6 29. Rxc4 b5 30. Re4 Rf8 31. f4 Be7 32. a4 bxa4 33. Rxa4 Bc5 34. Rxa6 Bf2 35. d6 Rf6 36. Ra8# 1-0

[Variant "Standard"]
[Site "Europe Echecs"]

[Event "Championnat du monde jeunes U12F"]
[Date "2024.11.20"]
[White "Bogomolnikova, Zlata"]
[Black "Ivaschenko, Anna"]
[WhiteElo "1628"]
[BlackElo "1732"]
[Round "6.23"]
[Result "0-1"]
[TimeControl "5400+30"]

1. f4 Nf6 2. Nf3 g6 3. b3 Bg7 4. Bb2 O-O 5. e3 c5 6. Be2 d5 7. O-O Nc6 8. Bb5 Bg4 9. Bxc6 bxc6 10. d3 Qb6 11. Qe1 Bxf3 12. Rxf3 Rad8 13. Nd2 Rfe8 14. Rh3 c4 15. dxc4 d4 16. c5 Qxc5 17. Nc4 dxe3 18. Qxe3 Qf5 19. Qc1 Ng4 20. b4 e5 21. Nxe5 Bxe5 22. Bxe5 f6 23. Bc3 Re2 24. Qf1 Qxc2 25. Rc1 Rxg2+ 26. Kh1 Rxh2+ 27. Kg1 Qe2 28. Rg3 Rh1+ 0-1

[Variant "Standard"]
[Site "Europe Echecs"]

[Event "Championnat du monde jeunes U12F"]
[Date "2024.11.20"]
[White "Zavivaeva, Angelina"]
[Black "Harutyunyan, Gabriela"]
[WhiteElo "1499"]
[BlackElo "1730"]
[Round "6.24"]
[Result "0-1"]
[TimeControl "5400+30"]

1. e4 c5 2. Nf3 Nc6 3. d4 cxd4 4. Nxd4 Nf6 5. Nc3 e6 6. Ndb5 Bb4 7. a3 Bxc3+ 8. Nxc3 d5 9. exd5 exd5 10. Bg5 O-O 11. Be2 Re8 12. O-O d4 13. Na2 Bf5 14. Re1 Qd6 15. Bxf6 Qxf6 16. Qd2 Qg6 17. Nb4 Rad8 18. Nd3 h6 19. Rad1 Qf6 20. Bf3 Rxe1+ 21. Rxe1 Bxd3 22. Qxd3 Ne5 23. Qe4 Re8 24. Kf1 Re7 25. Qxd4 Qa6+ 26. Be2 Qa5 27. c3 Nc6 28. Qd2 Qc7 29. Kg1 Ne5 30. h3 Qc6 31. Rd1 Ng6 32. Bf3 Qf6 33. Qd4 Ne5 34. Qe4 Nc6 35. Qc2 g6 36. Qd2 Ne5 37. Be2 Kg7 38. Qc2 Rc7 39. Qe4 Re7 40. Qc2 Rc7 41. Rd4 Nf3+ 42. Bxf3 Qxd4 43. Qe2 Qf6 44. Qd2 b6 45. Be2 Re7 0-1

[Variant "Standard"]
[Site "Europe Echecs"]

[Event "Championnat du monde jeunes U12F"]
[Date "2024.11.20"]
[White "Li, Peishan"]
[Black "Sri Darshini T"]
[WhiteElo "1729"]
[BlackElo "1681"]
[Round "6.25"]
[Result "1/2-1/2"]
[TimeControl "5400+30"]

1. e4 c5 2. Nf3 Nc6 3. d4 cxd4 4. Nxd4 Nf6 5. Nc3 e5 6. Ndb5 d6 7. Bg5 a6 8. Na3 b5 9. Nd5 Be7 10. Bxf6 Bxf6 11. c3 O-O 12. Nc2 Bg5 13. a4 bxa4 14. Rxa4 a5 15. Bc4 Rb8 16. b3 Kh8 17. Nce3 g6 18. O-O f5 19. exf5 gxf5 20. Be2 Be6 21. Nc4 Bh6 22. b4 axb4 23. Nxb4 Nxb4 24. cxb4 Qd7 25. Ra6 Rfd8 26. Nxe5 dxe5 27. Qxd7 Bxd7 28.
Rxh6 Bb5 29. Bxb5 Rxb5 30. Rh5 e4 31. g4 Rxb4 32. gxf5 Rb5 33. Re1 Rf8 34. Rxe4 Rbxf5 35. Rxf5 Rxf5 36. Rg4 Ra5 37.
Kg2 h5 38. Rg3 Kh7 39. Kf3 Ra4 40. Ke3 Kh6 41. Kf3 Ra3+ 42. Kg2 Ra4 43. h3 Rb4 44. Rg8 Kh7 45. Re8 Kg6 46. Re5 Ra4 47. Kg3 Ra3+ 48. f3 Rb3 49. Kf4 Rb4+ 50. Re4 Rb6 51. Rd4 Rf6+ 52. Kg3 Ra6 53. Kh4 Ra3 54. Rf4 Rb3 55. Kg3 Ra3 56. Rd4 Ra6 57. Rd3 Rb6 58. f4 Rb4 59. Kf3 Ra4 60. Ke3 Ra6 61. h4 Kf5 62. Rd5+ Kg6 63. Ke4 Re6+ 64. Re5 Ra6 65. Rg5+ Kh6 66. Rd5 Kg6 67. Ke5 Ra8 68. f5+ Kg7 69. Rd7+ Kh6 70. Rd4 Re8+ 71. Kf6 Rf8+ 72. Ke6 Kg7 73. Rd7+ Kh6 74. Rd6 Kg7 75. Ke5 Ra8 76. Kf4 Ra5 77. Kg5 Kf7 78. Rd7+ Kf8 79. Rb7 Rc5 80. Kg6 Rc6+ 81. f6 Rc8 82. Kxh5 Rc4 83. Kg5 Rc1 84. h5 Rg1+ 85. Kf5 Rf1+ 86. Kg6 Rg1+ 87. Kh7 Rf1 88. Kg6 Rg1+ 89. Kf5 Rf1+ 90. Ke5 Re1+ 91. Kf4 Rf1+ 92. Kg5 Rg1+ 93. Kh6 Rf1 94. Kg6 Rg1+ 95. Kh7 Rf1 96. Rb6 Kf7 97. h6 Rh1 98. Ra6 Rh2 99. Ra1 Kxf6 100. Rf1+ Ke7 101. Rf3 Rh1 102. Rf5 Rh2 103.
Kg7 Rg2+ 104. Kh8 Rh2 105. h7 Rg2 106. Ra5 Kf7 107. Ra8 Rg1 108. Rg8 Rf1 109. Rg2 Rf3 110. Rg7+ Kf8 1/2-1/2

[Variant "Standard"]
[Site "Europe Echecs"]

[Event "Championnat du monde jeunes U12F"]
[Date "2024.11.20"]
[White "Xikmatkhonova, Mokhinur"]
[Black "Budhram, Kaylee"]
[WhiteElo "1726"]
[BlackElo "1614"]
[Round "6.26"]
[Result "1-0"]
[TimeControl "5400+30"]

1. d4 d5 2. Nc3 c5 3. e3 Nf6 4. Nf3 Bg4 5. Be2 e6 6. h3 Bh5 7. O-O Be7 8. Ne5 Bxe2 9. Nxe2 O-O 10. c4 Nbd7 11. Nxd7 Qxd7 12. cxd5 exd5 13. b3 Ne4 14. Bb2 cxd4 15. Bxd4 Bf6 16. f3 Bxd4 17. Qxd4 Nf6 18. Rfd1 b6 19. e4 Rfd8 20. e5 Ne8 21. f4 Nc7 22. b4 Ne6 23. Qd3 Rac8 24. f5 Nc7 25. f6 g6 26. Nd4 Ne8 27. Rf1 h5 28. Rae1 Nc7 29. e6 Nxe6 30. Rxe6 fxe6 31. Qxg6+ Kh8 32. f7 e5 33. Qh6# 1-0

[Variant "Standard"]
[Site "Europe Echecs"]

[Event "Championnat du monde jeunes U12F"]
[Date "2024.11.20"]
[White "Kovalskyy, Alicia"]
[Black "Muradova, Nebahat"]
[WhiteElo "1871"]
[BlackElo "1626"]
[Round "6.27"]
[Result "1/2-1/2"]
[TimeControl "5400+30"]

1. e4 e6 2. d4 d5 3. Nc3 a6 4. a3 Nc6 5. e5 Bd7 6. Nf3 Nge7 7. Be2 Ng6 8. Be3 Nce7 9. Bd3 c6 10. O-O Nf5 11. Qd2 Be7 12. Rfe1 O-O 13. Bxf5 exf5 14. Bg5 Bxg5 15. Qxg5 Qc7 16. Qd2 Be6 17. Ng5 Qe7 18. Ne2 h6 19. Nf3 Rac8 20. c3 c5 21. Ng3 c4 22. a4 Qd7 23. Nh5 Qe7 24. Kh1 Rfd8 25. Nf4 Nxf4 26. Qxf4 b5 27. Qd2 Rb8 28. axb5 axb5 29. Ra5 b4 30. h3 bxc3 31. bxc3 Rb3 32. Qc2 Rdb8 33. Ra2 Qd7 34. Nd2 R3b7 35. Rb1 Rxb1+ 36. Nxb1 f4 37. f3 Bf5 38. Qd2 Rxb1+ 39. Kh2 g5 40. Ra8+ Kg7 41. Ra5 Qb7 42. e6 fxe6 43. Qe2 Qb6 44. Qe5+ Kg6 45. Ra8 Bxh3 46. Rg8+ Kh5 47. Rxg5+ hxg5 48. Qh8+ Kg6 49.
Qg8+ Kf6 50. Qf8+ 1/2-1/2

[Variant "Standard"]
[Site "Europe Echecs"]

[Event "Championnat du monde jeunes U12F"]
[Date "2024.11.20"]
[White "Wang, Tianmu"]
[Black "Ahmed Mohamed, Zakaa"]
[WhiteElo "1640"]
[BlackElo "1866"]
[Round "6.28"]
[Result "1/2-1/2"]
[TimeControl "5400+30"]

1. e4 e5 2. Nf3 d6 3. d4 exd4 4. Nxd4 Nf6 5. Nc3 Be7 6. Bc4 O-O 7. O-O Nxe4 8. Nxe4 d5 9. Bd3 dxe4 10. Bxe4 Bf6 11. Nb5 Qe7 12. Qd3 g6 13. Bf4 Na6 14. Rfe1 Re8 15. Qg3 Bf5 16. Nc3 Bxc3 17. Qxc3 Bxe4 18. f3 Qc5+ 19. Qxc5 Nxc5 20. fxe4 Rxe4 21. Bxc7 Rae8 22.
Kf2 Rxe1 23. Rxe1 Ne4+ 24. Kg1 f5 25. Rd1 Re7 26. Bd8 Re5 27. c4 1/2-1/2

[Variant "Standard"]
[Site "Europe Echecs"]

[Event "Championnat du monde jeunes U12F"]
[Date "2024.11.20"]
[White "Ordonez Alarcon, Daniela"]
[Black "Lukin, Yesenia"]
[WhiteElo "1606"]
[BlackElo "1732"]
[Round "6.29"]
[Result "1/2-1/2"]
[TimeControl "5400+30"]

1. d4 Nf6 2. c4 e6 3. Nc3 d5 4. Nf3 c6 5. e3 Nbd7 6. Qc2 h6 7. Be2 Bd6 8. b3 O-O 9. Bb2 b6 10. O-O Bb7 11. Rad1 Qc7 12. Rfe1 dxc4 13. bxc4 c5 14. d5 Rfe8 15. Nb5 Qb8 16. Nxd6 Qxd6 17. e4 Qf4 18. Bd3 exd5 19. cxd5 Rad8 20. Qd2 Qxd2 21. Nxd2 Ne5 22. Bb5 Nfd7 23. f4 a6 24. Bxd7 Nxd7 25. Nc4 Re7 26. e5 b5 27. Na5 Nb6 28. d6 Red7 29. Nxb7 Rxb7 30. f5 Nc4 31. Bc1 Kf8 32. Rd5 f6 33. exf6 gxf6 34. Bxh6+ Kf7 35. Bf4 Rb6 36. Re6 Rc6 37. Re7+ Kg8 38. Rc7 Nb6 39. Rxc5 Rxc7 40. dxc7 Rc8 41. Rc6 Nd5 42. Bg3 a5 43. Rd6 Nxc7 44. Rxf6 Ne8 45. Rb6 b4 46. Bf4 Rc4 47. g3 Ng7 48. Ra6 Rc5 49. g4 Rc4 50. Bg3 Rxg4 51. Rxa5 Rg5 52. Rb5 Nxf5 53. Kf2 Rh5 54. Rxb4 Nxg3 55. Kxg3 Ra5 56. a4 Kh7 57. Kg4 Kh6 58. h4 Kg6 59. Rb6+ Kg7 60. Rb4 Kg6 61. Kf3 Kf6 62. Ke3 Ke6 63. Kd3 Kd6 64. Kc3 Kc6 65. Kb3 Rh5 66. Rg4 Kb6 67. Kb4 Ka6 68. Rg6+ Kb7 69. Rg7+ Kb6 70. Rg6+ Kb7 71. Rg4 Ka6 72. a5 Rb5+ 73. Kc4 Rxa5 74. Rg6+ Kb7 75. Kb4 Rh5 1/2-1/2

[Variant "Standard"]
[Site "Europe Echecs"]

[Event "Championnat du monde jeunes U12F"]
[Date "2024.11.20"]
[White "Busuioc, Amelie"]
[Black "Ribreau, Anna"]
[WhiteElo "1581"]
[BlackElo "1726"]
[Round "6.30"]
[Result "0-1"]
[TimeControl "5400+30"]

1. e4 d6 2. d4 Nf6 3. Nc3 c6 4. f4 Qa5 5. Bd3 e5 6. Nf3 exd4 7. Nxd4 Qb6 8. Be3 Qxb2 9. Bd2 Qb6 10. Be3 Ng4 11. Qf3 Nxe3 12. Qxe3 Qb2 13. O-O Qxc3 14. e5 d5 15. e6 Bc5 16. exf7+ Kxf7 17. Bg6+ hxg6 18. Qxc3 Bb6 19. Kh1 Bg4 20. f5 Bxd4 21. fxg6+ Kxg6 22. Qxd4 Bf5 23. Rae1 Nd7 24. Qf4 Raf8 25. Qd6+ Nf6 26. Re3 Bxc2 27. Rg3+ Kh7 28. Rh3+ Kg6 29. Qg3+ Kf7 30. Qc7+ Kg8 31. Rxh8+ Kxh8 32. Qxb7 d4 33. Rc1 Re8 34. Qxa7 d3 35. Qa5 Re2 36. Re1 d2 37. Rxe2 d1=Q+ 38. Qe1 Qxe1+ 39. Rxe1 Ba4 40.
Rc1 Kg8 41. h4 Kf7 42. Kh2 Ke6 43. Kh3 Kd5 44. g4 c5 45. g5 Nh5 46. Kg4 g6 47. Kf3 Kd4 48. Ke2 Bb5+ 49. Kd2 Ng3 50. a3 Ne4+ 51. Kc2 Ba4+ 52. Kb2 Nf2 53. Rf1 Nd3+ 54. Kb1 c4 55. Rg1 Nf4 56. Rg4 Ke5 57. Kb2 Kf5 58. Rg3 Nh5 59. Rg1 Ke4 60. Kc3 Bb5 61. a4 Bxa4 62. Kxc4 Kf4 63. Kd4 Bd7 64. Kd5 Bf5 65. Kd6 Ng3 66. Ke7 Kg4 67. Re1 Kxh4 68. Kf6 Nh5+ 69. Ke5 Kxg5 70. Rg1+ Kh4 71. Kd4 Kh3 72. Ke3 Kh2 73. Kf2 Nf4 74. Rg5 Nh3+ 0-1

[Variant "Standard"]
[Site "Europe Echecs"]

[Event "Championnat du monde jeunes U12F"]
[Date "2024.11.20"]
[White "Liang, Candice"]
[Black "Tsinjoviniavo, Aina Mahasambatra"]
[WhiteElo "1551"]
[BlackElo "1716"]
[Round "6.31"]
[Result "1-0"]
[TimeControl "5400+30"]

1. d4 Nf6 2. c4 e6 3. Nc3 Bb4 4. e3 O-O 5. Nf3 c5 6. Bd2 cxd4 7. exd4 d5 8. a3 Ba5 9. b4 Bc7 10. c5 b6 11. cxb6 Bxb6 12. Bd3 Nc6 13. Be3 Re8 14. b5 Ne7 15. Ne5 Bb7 16. O-O Nd7 17. Bxh7+ Kf8 18. Qh5 Nxe5 19. dxe5 d4 20. Rad1 Nf5 21. Bxf5 exf5 22. Bg5 f6 23. exf6 gxf6 24. Qh8+ Kf7 25. Qh7+ Ke6 26. Rfe1+ Kd6 27. Qxb7 fxg5 28. Qc6# 1-0

[Variant "Standard"]
[Site "Europe Echecs"]

[Event "Championnat du monde jeunes U12F"]
[Date "2024.11.20"]
[White "Mrad, Anahid"]
[Black "Messali Anger, Ilyana"]
[WhiteElo "1558"]
[BlackElo "1687"]
[Round "6.32"]
[Result "0-1"]
[TimeControl "5400+30"]

1. e4 e5 2. Nf3 Nc6 3. Bc4 Nf6 4. Ng5 d5 5. exd5 Na5 6. Bb5+ c6 7. dxc6 bxc6 8. Bd3 Nd5 9. Nf3 Nf4 10. O-O Bd6 11. Re1 Qc7 12. b4 Nb7 13. Bc4 O-O 14. d4 Bg4 15. Bb2 Rad8 16. Nbd2 Bxb4 17. c3 Bd6 18. dxe5 Bxe5 19. Qc2 Bd6 20. Ng5 Ng6 21. h3 Bf4 22. Nde4 Bf5 23. Nf3 Kh8 24. Nd4 Bxe4 25. Qxe4 Nd6 26. Qe2 Rfe8 27. Qf1 Nxc4 28. Qxc4 Ne5 29. Qf1 c5 30. Nb5 Qb6 31. Rab1 a6 32. Na3 Qg6 33. Kh1 Nd3 34. Rxe8+ Rxe8 35. c4 Bc7 36. Bc3 Qf5 37. Be1 Qf4 38. g3 Qf3+ 39. Kg1 Ne5 40. Rb3 Qe4 41. f3 Qxe1 42. Qxe1 Nxf3+ 43. Rxf3 Rxe1+ 44. Kf2 Re7 45. Rf5 Bb6 46. Rd5 g6 47. Rd6 Re6 48. Rd7 Kg7 49. Nc2 Re4 50. Ne3 Ba5 51. Kf3 Re6 52. Rd5 Bb4 53. Nc2 Rc6 54. Nxb4 cxb4 55. c5 Kf6 56. Ke3 Ke6 57. Kd4 f6 58. g4 a5 59. h4 a4 60. Rd8 b3 61. Re8+ Kd7 62. Re2 bxa2 63. Rxa2 Ra6 64. Kc4 Kc6 65. Rd2 a3 66. Rd6+ Kb7 67. Rxa6 Kxa6 68. Kb3 Kb5 69. c6 Kxc6 70. Kxa3 Kd5 71. Kb3 Ke4 72. Kc2 Kf4 73. Kd2 Kxg4 74. Ke2 Kxh4 75. Kf3 g5 76. Kg2 g4 77. Kh2 g3+ 78. Kg2 Kg4 79. Kg1 f5 80. Kg2 f4 81. Kg1 f3 82. Kh1 Kh3 83. Kg1 f2+ 84. Kf1 g2+ 0-1

[Variant "Standard"]
[Site "Europe Echecs"]

[Event "Championnat du monde jeunes U12F"]
[Date "2024.11.20"]
[White "Ivanova, Gabriela"]
[Black "Saharkar, Sharvari"]
[WhiteElo "1680"]
[BlackElo "1581"]
[Round "6.33"]
[Result "0-1"]
[TimeControl "5400+30"]

1. d4 Nf6 2. Nf3 e6 3. g3 d5 4. Bg2 Bd6 5. c4 O-O 6. O-O h6 7. Re1 Nc6 8. cxd5 exd5 9. Nc3 b6 10. Bd2 Bb7 11. Rc1 Re8 12. Nb5 Be7 13. Ne5 a6 14. Nxc6 Bxc6 15. Rxc6 axb5 16. Bf4 Bb4 17. Bd2 Bxd2 18. Qxd2 Rxa2 19. Rec1 Re7 20. e3 Ra7 21. Qe2 Qe8 22. b4 Ne4 23. Qxb5 Re6 24. Qxd5 Rxc6 25. Qxc6 Qxc6 26. Rxc6 Ra1+ 27. Bf1 Nd2 28. Rxc7 Rxf1+ 29. Kg2 Rb1 30. d5 Ne4 31. Rc4 f5 32. d6 Nxd6 33. Rc6 Ne4 34. Rxb6 Kh7 35. Rb5 Kg6 36. Rb6+ Kh5 37. Rb5 g6 38. g4+ Kg5 39. gxf5 gxf5 40. f4+ Kg6 41. Rb6+ Kh5 42. Rb5 Rb2+ 43. Kh3 Nf2+ 44. Kg3 Ne4+ 45. Kh3 Kg6 46. Rb6+ Nf6 47. Kg3 Kf7 48. Rb7+ Ke8 49. Rb6 Ng4 50. h3 Nxe3 51. Re6+ Kf7 52. Rxe3 Rxb4 53. Re5 Rb3+ 54. Kh4 Kf6 55. Re8 Rf3 56. Rf8+ Kg6 57. Rg8+ Kh7 58. Rf8 Rxf4+ 59. Kg3 Rf1 60. Kg2 Kg7 61. Kxf1 Kxf8 62. Kg2 Kg8 63. Kg3 Kg7 64. h4 Kf6 65. Kf4 h5 66. Ke3 Ke5 67. Kf3 f4 68. Kf2 Ke4 69. Ke2 f3+ 70. Kf2 Kf4 71. Kg1 Kg3 72. Kh1 Kf2 73. Kh2 Ke2 74. Kh3 f2 0-1

[Variant "Standard"]
[Site "Europe Echecs"]

[Event "Championnat du monde jeunes U12F"]
[Date "2024.11.20"]
[White "Li, Yeeshuen"]
[Black "Liu, Jingyu"]
[WhiteElo "1546"]
[BlackElo "1680"]
[Round "6.34"]
[Result "0-1"]
[TimeControl "5400+30"]

1. e4 c6 2. d4 d5 3. exd5 cxd5 4. Bd3 Nc6 5. c3 Nf6 6. Bf4 g6 7. Nf3 Bf5 8. Bxf5 gxf5 9. Nbd2 e6 10. O-O Bd6 11. Ne5 Qc7 12. Re1 Ne4 13. f3 Nxd2 14. Qxd2 O-O 15. Bh6 Kh8 16. Bxf8 Rxf8 17. f4 Ne7 18. g3 Ng8 19. Nf3 Nf6 20. Rac1 Ne4 21. Qd3 Rg8 22. Rc2 Bxf4 23. Rg2 Bd6 24. Rc1 Qa5 25. b3 b5 26. c4 Qa3 27. c5 Qxc1+ 28. Qf1 Qe3+ 29. Kh1 Bxg3 30. hxg3 Nxg3+ 31. Rxg3 Rxg3 32. Ng1 Qh6+ 33. Nh3 Rxh3+ 34. Kg2 Rh2+ 35. Kg3 Qh4+ 36. Kf3 Rh3+ 37. Kg2 Qg3# 0-1

[Variant "Standard"]
[Site "Europe Echecs"]

[Event "Championnat du monde jeunes U12F"]
[Date "2024.11.20"]
[White "Smirnova, Viktoria A"]
[Black "Moscovitch, Shelly"]
[WhiteElo "1658"]
[BlackElo "1552"]
[Round "6.36"]
[Result "1-0"]
[TimeControl "5400+30"]

1. d4 d5 2. c4 e6 3. Nf3 Nf6 4. g3 Be7 5. Bg2 O-O 6. O-O Nbd7 7. Qc2 b6 8. Nc3 Bb7 9. Ne5 c5 10. Nxd7 Qxd7 11. Rd1 Rfd8 12. Bg5 Rac8 13. dxc5 Rxc5 14. cxd5 exd5 15. Be3 Rcc8 16. Bd4 Qe6 17. Qb3 Ne8 18. Rd2 Rd7 19. Rad1 Rcd8 20. e3 Nc7 21. Ne2 Qd6 22. Qc3 Ne6 23. Be5 Qc5 24. Qd3 Qa5 25. a3 Nc5 26. Qc2 Ne6 27. Bc3 Qc5 28. Qb3 Qc6 29. Nd4 Nxd4 30. Bxd4 Bc5 31. Qd3 Bxd4 32. Qxd4 h6 33. h4 Qe6 34. Kh2 Qc6 35. Qb4 Qc5 36. Qb3 Qd6 37. Rd4 Qe6 38. Bh3 f5 39. Qd3 Rf8 40. Rf4 Rdf7 41. Bg2 Rd7 42. Rd4 Rfd8 43. Qe2 Qf7 44. b4 Qe6 45. Qf3 Rc8 46. R1d2 Rc3 47. a4 Ra3 48. b5 Rc3 49. Qf4 Rc8 50. e4 fxe4 51. Bh3 Qe7 52. Bxd7 Qxd7 53. Qxe4 Rd8 54. Qg6 Qe7 55. Qg4 Bc8 56. Qe2 Qxe2 57. Rxe2 Kf7 58. Rc2 Kg8 59. Rc7 a5 60. Rc6 Rf8 61. Kg1 Re8 62. Rxb6 Rd8 63. Rb8 Kh7 64. b6 1-0

[Variant "Standard"]
[Site "Europe Echecs"]

[Event "Championnat du monde jeunes U12F"]
[Date "2024.11.20"]
[White "Chen, Pin-I"]
[Black "Laurincova, Timea"]
[WhiteElo "1601"]
[BlackElo "1549"]
[Round "6.37"]
[Result "1-0"]
[TimeControl "5400+30"]

1. d4 Nf6 2. c4 g6 3. g3 Bg7 4. Bg2 O-O 5. Nc3 d6 6. Nf3 c6 7. O-O Bf5 8. Bg5 Ne4 9. Nxe4 Bxe4 10. Qb3 Qc7 11. Rfd1 Re8 12. Rac1 Nd7 13. Qe3 Bxf3 14. Bxf3 Nf6 15. Bh6 Qd7 16. Bxg7 Kxg7 17. Bg2 Qf5 18. Qf3 Qa5 19. a3 Rac8 20. b4 Qd8 21. e4 Ng8 22. e5 Qc7 23. Re1 e6 24. Qf4 dxe5 25. Qxe5+ Qxe5 26. dxe5 Red8 27. Red1 Ne7 28. g4 g5 29. Rd6 Ng6 30. Rcd1 Rxd6 31. exd6 Ne5 32. c5 Nd7 33. Kf1 a5 34. Ra1 Ra8 35. b5 Nxc5 36. bxc6 bxc6 37. Bxc6 Rd8 38. Rd1 Nd7 39. Bxd7 Rxd7 40. Rd4 Kf6 41. Ke2 Ke5 42. Kd3 Rxd6 43. Rxd6 Kxd6 44. Kd4 e5+ 45. Kc4 Kc6 46. f3 f6 47. h3 h6 48. a4 Kb6 49. Kd5 Kb7 50. Kc5 Ka6 51. Kc6 Ka7 52. Kb5 Kb7 53. Kxa5 Ka7 54. Kb5 Kb7 55. a5 Ka7 56. a6 Kb8 57. Kc6 Ka7 58. Kd6 Kxa6 59. Ke6 Kb6 60. Kxf6 Kc6 61. Kxe5 Kc5 62. Kf5 Kd5 63. Kg6 Ke6 64. Kxh6 Kf6 65. Kh5 Kg7 66. Kxg5 Kh7 67. f4 Kg7 68. f5 Kf7 69. f6 Kf8 70. Kg6 Kg8 71. f7+ Kf8 72. h4 1-0

[Variant "Standard"]
[Site "Europe Echecs"]

[Event "Championnat du monde jeunes U12F"]
[Date "2024.11.20"]
[White "Alcantara, Levanah"]
[Black "Petrusic, Dusica"]
[WhiteElo "1753"]
[BlackElo "1498"]
[Round "6.38"]
[Result "1-0"]
[TimeControl "5400+30"]

1. d4 d5 2. c4 c6 3. cxd5 cxd5 4. Bf4 Nf6 5. Nc3 Bf5 6. e3 a6 7. Bd3 Bxd3 8. Qxd3 e6 9. Nf3 Bd6 10. Bg3 Nc6 11. Rc1 Rc8 12. Qe2 Na5 13. Ne5 Bb4 14. O-O O-O 15. Na4 Ne4 16. Nd3 Nxg3 17. hxg3 Bd6 18. Nac5 Qe7 19. b3 e5 20. Qd2 Nc6 21. dxe5 Nxe5 22. Na4 Nxd3 23. Qxd3 Qe6 24. Rxc8 Rxc8 25. Rd1 Bf8 26. Qxd5 Qxd5 27. Rxd5 Rc1+ 28. Kh2 Rc2 29. Rd8 g6 30. a3 Rxf2 31. Nc5 Kg7 32. Nxb7 Bxa3 33. Rd4 Rb2 34. Na5 Bc5 35. Rd3 Re2 36. Nc4 Re1 37. g4 Ba7 38. Kg3 Rb1 39. Kf2 Ra1 40. Ne5 Bb8 41. Nc6 Bh2 42. Nd4 Be5 43. Nc6 Bh2 44. b4 Bg1+ 45. Ke2 Ra2+ 46. Rd2 Ra3 47. Rd3 Ra2+ 48. Kf3 Rf2+ 49. Kg3 Rf6 50. Nd4 Bf2+ 51. Kh2 h6 52. g3 Kh7 53. Kg2 h5 54. g5 Rb6 55. Kxf2 Rxb4 56. Ra3 Rb6 57. Ra5 Kg7 58. Kf3 f6 59. Kf4 Kf7 60. Rc5 fxg5+ 61. Kxg5 Rd6 62. Rc7+ Ke8 63. Rc6 Rxc6 64. Nxc6 Kd7 65. Nb4 a5 66. Na2 a4 67. Kxg6 a3 68. Kxh5 Kc6 69. g4 Kc5 70. g5 Kc4 71. g6 Kb3 72. g7 Kxa2 73. g8=Q+ Ka1 74. e4 a2 75. e5 Kb2 76. Qxa2+ 1-0

[Variant "Standard"]
[Site "Europe Echecs"]

[Event "Championnat du monde jeunes U12F"]
[Date "2024.11.20"]
[White "Dzafic, Merjem"]
[Black "Istratova, Nika"]
[WhiteElo "1568"]
[BlackElo "1473"]
[Round "6.39"]
[Result "0-1"]
[TimeControl "5400+30"]

1. e4 e5 2. Nf3 Nc6 3. d4 exd4 4. Nxd4 Bc5 5. Be3 Qf6 6. c3 Nge7 7. Bc4 d6 8. O-O O-O 9. Re1 Ne5 10. Be2 Be6 11. Nd2 Bb6 12. N2b3 Bc4 13. Qd2 Bxe2 14. Qxe2 Rfe8 15. Rad1 c6 16. c4 Rad8 17. Nc2 Bxe3 18. Nxe3 N5g6 19. Rd2 Nf4 20. Qf3 Neg6 21. Nf5 d5 22. cxd5 Qxf5 23. dxc6 Qc8 24. cxb7 Qxb7 25. Red1 Rc8 26. h3 h6 27. Kh2 Qb8 28. g3 Ne6 29. Qe2 Kh8 30. Rd7 Rc7 31. f4 Nef8 32. R7d2 Rce7 33. Rd4 f6 34. Qf3 Ne6 35. Rd7 Ngf8 36. R7d2 Qb7 37. Re2 Nc7 38. Rde1 f5 39. Nc5 Qc6 40. Qe3 fxe4 41. Nxe4 Rxe4 42. Qxe4 Rxe4 43. Rxe4 Nfe6 44. f5 Ng5 0-1

[Variant "Standard"]
[Site "Europe Echecs"]

[Event "Championnat du monde jeunes U12F"]
[Date "2024.11.20"]
[White "Groselj, Mirjam"]
[Black "Potikha, Shelley"]
[WhiteElo "1470"]
[BlackElo "1561"]
[Round "6.40"]
[Result "0-1"]
[TimeControl "5400+30"]

1. e4 e6 2. d4 d5 3. exd5 exd5 4. Bd3 Nc6 5. Nf3 Bd6 6. O-O Nge7 7. Be3 Bg4 8. h3 Bh5 9. Nbd2 Qd7 10. Re1 O-O-O 11. a3 f5 12. Nf1 f4 13. Bd2 g5 14. Be2 g4 15. hxg4 Bxg4 16. N3h2 Bxe2 17. Qxe2 Nxd4 18. Qd3 Rhg8 19.
Kh1 f3 20. Nxf3 Qg4 21. Ng3 Bxg3 22.
Qxd4 Bf4 23. g3 Qxf3+ 24. Kg1 Bxg3 25.
Kf1 Bh2 0-1

[Variant "Standard"]
[Site "Europe Echecs"]

[Event "Championnat du monde jeunes U12F"]
[Date "2024.11.20"]
[White "Liu, Lillian Yu-Ning"]
[Black "Hiznicenco, Valeria"]
[WhiteElo "1456"]
[BlackElo "1513"]
[Round "6.41"]
[Result "1/2-1/2"]
[TimeControl "5400+30"]

1. e4 c6 2. d4 d5 3. Nc3 dxe4 4. Nxe4 Bf5 5. Ng3 Bg6 6. Nf3 Nf6 7. Bd3 Bxd3 8. Qxd3 e6 9. O-O Bd6 10. Ne4 Be7 11. Nxf6+ Bxf6 12. Re1 Nd7 13. Qb3 Qb6 14. Qc4 O-O 1/2-1/2

[Variant "Standard"]
[Site "Europe Echecs"]

[Event "Championnat du monde jeunes U12F"]
[Date "2024.11.20"]
[White "Canossa, Elena"]
[Black "Hrckova, Anna"]
[WhiteElo "1482"]
[BlackElo "1441"]
[Round "6.42"]
[Result "0-1"]
[TimeControl "5400+30"]

1. e4 e6 2. d4 d5 3. exd5 exd5 4. Bd3 Nc6 5. c3 Bd6 6. Qf3 Be6 7. Ne2 Qd7 8. h3 O-O-O 9. Be3 h5 10. g3 Kb8 11. Qg2 f5 12. Nd2 Nf6 13. O-O-O Rhg8 14. f4 Be7 15. Nf3 Nh7 16. h4 Nf6 17. Bd2 Ng4 18. Neg1 Na5 19. Be1 Ne3 20. Qe2 Nxd1 21. Qxd1 Bf6 22. Ne5 Bxe5 23. fxe5 g6 24. Bd2 Nc4 25. Bg5 Rde8 26. Qb3 Qc6 27. Ne2 Qb6 28. Re1 Qxb3 29. axb3 Nb6 30. Nf4 c6 31. Kc2 Kc7 32. Ra1 a6 33. Ra5 Nd7 34. c4 Kb6 35. Ra4 dxc4 36. bxc4 Kc7 37. d5 Bxd5 38. cxd5 Nxe5 39. Bc4 b5 40. Rxa6 bxc4 41. Bf6 Kb7 42. Ra4 cxd5 43. Nxd5 Ng4 44. Rxc4 Rc8 45. Rxc8 Rxc8+ 46. Kd3 Nxf6 47. Nxf6 Rc6 48. Nd5 Rd6 49. Kc4 Rc6+ 50. Kb5 Rc2 51. b4 Rg2 52. Kc5 Rxg3 53. b5 Rg4 54. b6 Rxh4 55. Nc7 Rh1 56. Kb5 Rb1+ 57. Kc5 Rxb6 58. Kd4
0-1

[Variant "Standard"]
[Site "Europe Echecs"]

[Event "Championnat du monde jeunes U12F"]
[Date "2024.11.22"]
[White "Venskaya, Nika"]
[Black "Amanzhol, Khanzada"]
[WhiteElo "1871"]
[BlackElo "1780"]
[Round "7.1"]
[Result "1-0"]
[TimeControl "5400+30"]

1. d4 Nf6 2. Nf3 e6 3. c4 d5 4. g3 Bb4+ 5. Bd2 a5 6. Bg2 dxc4 7. a4 c6 8. Qc2 Bxd2+ 9. Nbxd2 b5 10. e4 Na6 11. O-O Nb4 12. Qc3 O-O 13. Ne5 Qb6 14. b3 Rd8 15. axb5 cxb5 16. bxc4 bxc4 17. Ndxc4 Qc7 18. Rfc1 Bb7 19. Qe3 a4 20. g4 Ne8 21. Rab1 f6 22. Nf3 Na6 23. Nb6 Qe7 24. Nxa8 Rxa8 25. Ra1 Nac7 26. Rc5 Nd6 27. Nd2 Ndb5 28. d5 Qd7 29. Nc4 Ra6 30. Na3 Nd6 31. Rac1 Nde8 32. Qg3 e5 33. g5 Kh8 34. h4 Rb6 35. R1c3 Na6 36. Bh3 Qe7 37. R5c4 Rb4 38. Bc8 Nd6 39. Bxb7 Qxb7 40. Rxb4 Qxb4 41. Qe3 Qb7 42. Rc6 Nc8 43. gxf6 gxf6 44. Qh6 Ne7 45. Qxf6+ Kg8 46. Rxa6 Nc8 47. Rc6 Ne7 48. Re6 Qb3 49. Rxe7 Qd1+ 50. Kh2 Qh5 51. Qg7# 1-0

[Variant "Standard"]
[Site "Europe Echecs"]